AoeStats
← Gim

QS Arena

503606883Analyzed
4v4 RM · 1mo ago on Sep 1, 2026· 61m 13s· 8 players
Game mode
Random Map
Map size
Large (8 player)
Population
200
Speed
Normal
Resources
Standard
Victory
Conquest
Starting age
Dark Age
Ending age
Imperial Age
RankedLock teamsTeams togetherTeam positionsShared explorationLock speedFull tech treeHidden civsTurbo modeCheats
Victory
Defeat
🇨🇭 Wei · Switzerland
1215
+14
🇹🇼 Byzantines · Taiwan
1173
+16
🇲🇽 Magyars · Mexico
1169
+16
🇯🇵 Spanish · Japan
1141
+18
🇸🇮 Britons · Slovenia
1214
-18
🇨🇳 Sicilians · China
1199
-17
🇹🇼 Byzantines · Taiwan
1190
-17
🇮🇳 Persians · India
1109
-13
Bombadil
1:42 Loom
8:00 Feudal Age
8:39 Double-Bit Axe
8:39 Horse Collar
10:02 Gold Mining
11:38 Wheelbarrow
15:58 Castle Age
14:14 Stone Mining
16:50 Bow Saw
17:01 Heavy Plow
17:12 Husbandry
17:23 Bloodlines
17:24 Scale Barding Armor
18:11 Stone Shaft Mining
18:53 Chain Barding Armor
21:26 Gold Shaft Mining
22:38 Forging
23:21 Hand Cart
24:37 Town Watch
29:43 Imperial Age
28:14 Iron Casting
29:50 Fletching
30:03 Murder Holes
30:19 Masonry
29:48 Elite Tiger Cavalry
30:56 Ming Guang Armor
31:27 Ming Guang Armor
32:21 Blast Furnace
32:26 Heavy Hei Guang Cavalry
36:01 Tuntian
36:25 Conscription
38:46 Chemistry
38:07 Ballistics
42:02 Bodkin Arrow
46:17 Padded Archer Armor
46:18 Bracer
46:43 Fortified Wall
47:10 Parthian Tactics
47:21 Thumb Ring
48:36 Leather Archer Armor
48:33 Caravan
50:44 Light Cavalry
52:19 Hoardings
51:22 Pikeman
52:03 Squires
53:08 Halberdier
53:37 Arson
54:11 Scale Mail Armor
57:26 Chain Mail Armor
61:11 Hussar
[ Wildpigs ] Mau
8:37 Feudal Age
12:37 Castle Age
11:17 Double-Bit Axe
13:45 Bow Saw
19:16 Wheelbarrow
19:10 Horse Collar
21:51 Hand Cart
22:55 Stone Mining
23:32 Loom
23:33 Town Watch
24:03 Heavy Plow
25:16 Bloodlines
25:06 Husbandry
25:13 Scale Barding Armor
24:59 Fletching
27:47 Imperial Age
26:54 Chain Barding Armor
27:26 Town Patrol
27:22 Gold Mining
28:08 Cavalier
31:22 Corvinian Army
31:43 Conscription
30:44 Elite Magyar Huszar
31:28 Paladin
34:02 Bodkin Arrow
34:42 Plate Barding Armor
34:08 Padded Archer Armor
35:15 Chemistry
34:35 Ballistics
35:28 Two-Man Saw
34:56 Thumb Ring
34:29 Pikeman
34:32 Elite Skirmisher
35:59 Halberdier
39:50 Siege Engineers
39:56 Masonry
41:05 Bracer
40:47 Treadmill Crane
46:24 Heavy Cavalry Archer
47:29 Parthian Tactics
47:18 Recurve Bow
48:07 Gold Shaft Mining
51:27 Leather Archer Armor
61:02 Caravan
ababa
7:48 Feudal Age
12:24 Castle Age
11:32 Double-Bit Axe
12:14 Horse Collar
13:25 Loom
22:32 Bow Saw
23:47 Wheelbarrow
23:20 Heavy Plow
25:58 Hand Cart
26:40 Padded Archer Armor
30:48 Imperial Age
28:14 Gold Mining
28:41 Stone Mining
29:41 Leather Archer Armor
30:43 Fletching
33:45 Elite Skirmisher
34:26 Bodkin Arrow
35:06 Ring Archer Armor
36:43 Elite Conquistador
40:59 Scale Mail Armor
41:00 Bracer
41:15 Forging
41:11 Scale Barding Armor
42:57 Chemistry
45:55 Light Cavalry
46:46 Bloodlines
46:37 Husbandry
53:06 Pikeman
53:47 Squires
54:09 Chain Mail Armor
54:32 Iron Casting
54:41 Halberdier
55:07 Gambesons
55:08 Arson
58:10 Hussar
60:20 Blast Furnace
59:42 Chain Barding Armor
59:52 Plate Mail Armor
MessiahOVO
7:55 Feudal Age
7:37 Loom
9:54 Double-Bit Axe
10:48 Horse Collar
14:06 Fletching
19:01 Castle Age
18:26 Padded Archer Armor
25:30 Imperial Age
23:41 Wheelbarrow
23:37 Pikeman
24:17 Squires
24:03 Gambesons
24:31 Treadmill Crane
25:20 Scale Mail Armor
26:34 Bow Saw
26:52 Forging
28:22 Bodkin Arrow
29:26 Conscription
28:40 Halberdier
31:36 Thumb Ring
32:36 Chemistry
31:55 Leather Archer Armor
32:44 Bracer
33:16 Ring Archer Armor
34:02 Chain Mail Armor
34:23 Iron Casting
37:41 Plate Mail Armor
39:58 Ballistics
39:59 Bombard Tower
48:55 Elite Skirmisher
GeneralFailure
9:34 Feudal Age
13:18 Castle Age
12:55 Double-Bit Axe
12:51 Horse Collar
15:52 Wheelbarrow
26:44 Imperial Age
25:39 Hand Cart
25:40 Bow Saw
25:22 Fletching
26:07 Bodkin Arrow
26:41 Caravan
27:30 Padded Archer Armor
27:33 Bracer
28:15 Conscription
27:32 Elite Longbowman
29:56 Leather Archer Armor
30:44 Chemistry
32:40 Ring Archer Armor
33:39 Ballistics
33:56 Pikeman
36:10 Halberdier
36:53 Scale Mail Armor
37:04 Forging
38:11 Warwolf
40:40 Chain Mail Armor
41:00 Iron Casting
40:36 Crossbowman
42:17 Plate Mail Armor
42:48 Blast Furnace
41:27 Arbalester
49:49 Scale Barding Armor
56:25 Light Cavalry
Vector
0:49 Loom
8:28 Feudal Age
9:41 Double-Bit Axe
15:06 Castle Age
13:11 Horse Collar
17:54 Wheelbarrow
18:46 Bloodlines
19:52 Husbandry
20:32 Scale Barding Armor
21:48 Forging
25:43 Fletching
25:53 Padded Archer Armor
26:14 Chain Barding Armor
25:44 Light Cavalry
26:41 Heavy Plow
26:04 Elite Skirmisher
27:43 Gold Mining
27:44 Stone Mining
28:37 Leather Archer Armor
29:13 Ballistics
29:21 Bodkin Arrow
30:01 Iron Casting
29:56 Thumb Ring
36:14 Imperial Age
35:57 Heavy Camel Rider
37:41 Blast Furnace
37:18 Squires
36:39 Pikeman
38:04 Halberdier
38:47 Scale Mail Armor
39:22 Plate Barding Armor
39:37 Conscription
39:40 Hand Cart
41:35 Chemistry
Gim
8:08 Feudal Age
9:46 Loom
13:13 Castle Age
12:00 Double-Bit Axe
22:20 Fletching
24:13 Loom
25:20 Horse Collar
25:51 Bow Saw
27:27 Wheelbarrow
30:21 Imperial Age
28:02 Scale Mail Armor
28:33 Bodkin Arrow
29:06 Chain Mail Armor
29:25 Hand Cart
30:15 Ballistics
30:30 Heavy Plow
32:18 Conscription
31:30 Elite Serjeant
33:06 Bracer
36:15 Plate Mail Armor
36:52 Masonry
37:27 Padded Archer Armor
37:41 Forging
37:11 Pikeman
37:56 Squires
38:10 Halberdier
40:12 Hoardings
41:13 Iron Casting
40:31 Arson
43:04 Chemistry
younguns
9:56 Feudal Age
14:08 Castle Age
13:46 Double-Bit Axe
13:42 Horse Collar
14:13 Crossbowman
15:32 Fletching
16:09 Padded Archer Armor
16:35 Bodkin Arrow
16:48 Loom
19:41 Leather Archer Armor
22:32 Bow Saw
26:40 Wheelbarrow
32:31 Imperial Age
30:19 Hand Cart
30:49 Forging
31:20 Scale Barding Armor
31:20 Heavy Plow
32:09 Iron Casting
30:59 Pikeman
31:40 Squires
32:08 Husbandry
33:19 Chain Barding Armor
32:43 Cavalier
33:25 Bracer
33:56 Ring Archer Armor
34:40 Two-Man Saw
34:32 Crop Rotation
35:57 Plate Barding Armor
35:16 Paladin
36:15 Gold Mining
36:21 Halberdier
37:56 Scale Mail Armor
39:51 Chain Mail Armor
41:10 Plate Mail Armor
42:50 Gold Shaft Mining
42:06 Stone Mining
48:45 Gambesons
48:46 Arson
48:21 Man-at-Arms
50:13 Stone Shaft Mining
49:45 Long Swordsman
58:06 Two-Handed Swordsman
58:36 Light Cavalry
Connection lost

Rejoining the realm…

Still unreachable

The connection could not be restored.

Session expired

The server has moved on; the page needs a fresh start.